 Dungeon Crawl Stone Soup version 0.28-a0-563-gf77a47075d (webtiles) character file.

Game seed: 10580598555457892873

59 funkygono the Firebug (level 4, -9/24 HPs)
             Began as a Gargoyle Fire Elementalist on Sept 29, 2021.
             Mangled by an ogre (18 damage)
             ... on level 3 of the Dungeon.
             The game lasted 00:03:46 (1701 turns).

funkygono the Firebug (Gargoyle Fire Elementalist)  Turns: 1701, Time: 00:03:47

Health: -9/24      AC:  6    Str: 11    XL:     4   Next: 3%
Magic:  0/8        EV: 12    Int: 17    God:
Gold:   82         SH:  0    Dex: 10    Spells: 5/8 levels left

rFire   . . .      SeeInvis .   e - +1 mace (vorpal)
rCold   . . .      Faith    .   (no shield)
rNeg    + . .      Spirit   .   a - +1 robe
rPois   ∞          Reflect  .   (no helmet)
rElec   +          Harm     .   (no cloak)
rCorr   .          Rampage  .   (no gloves)
Will    .....                   (no boots)
Stlth   ++........              (no amulet)
HPRegen 0.08/turn               (no ring)
MPRegen 0.11/turn               (no ring)

@: no status effects
A: sickness immunity, AC +3, negative energy resistance 1, electricity
resistance, torment resistance 1, petrification resistance
a: no special abilities


You were on level 3 of the Dungeon.
You visited 1 branch of the dungeon, and saw 3 of its levels.

You collected 82 gold pieces.

Inventory:

Hand Weapons
 c - a +0 club
 e - a +1 vorpal mace (weapon)
Missiles
 b - 164 stones
Armour
 a - a +1 robe (worn)
Potions
 d - 2 potions of berserk rage
 f - a potion of might {unknown}
 i - a potion of heal wounds {unknown}


   Skills:
 + Level 1.6 Dodging
 - Level 2.1 Stealth
 * Level 2.7 Spellcasting
 * Level 2.1 Conjurations
 * Level 3.7 Fire Magic


You had 5 spell levels left.
You knew the following spells:

 Your Spells              Type           Power      Damage    Failure   Level
a - Foxfire               Conj/Fire      48%        2x1d6     5%          1
b - Scorch                Fire           30%        2d7       6%          2

Your spell library contained the following spells:

 Spells                   Type           Power      Damage    Failure   Level
 Conjure Flame            Conj/Fire      12%        6-21      16%         3
 Inner Flame              Hex/Fire       8%         N/A       26%         3
 Flame Wave               Conj/Fire      12%        3d4       47%         4


Dungeon Overview and Level Annotations

Branches:
Dungeon (3/15)

Altars:

Shops:
D:2 [


Innate Abilities, Weirdness & Mutations

You are immune to sickness and miasma.
Your stone body is resilient. (AC +3)
You are immune to poison.
You resist negative energy. (rN+)
You are resistant to electric shocks. (rElec)
You are resistant to unholy torment.
You are immune to petrification.


Message History

There is not enough space to conjure foxfire!
Unknown command.
The foxfire hits the ogre.
The ogre is lightly wounded.
The foxfire hits the ogre.
The ogre is lightly wounded.
The foxfire hits the ogre.
The ogre is moderately wounded.
The ogre closely misses you.
Casting: Foxfire (safe; 5% risk of failure)
Confirm with . or Enter, or press ? or * to list all spells.
You conjure some foxfire!
Unknown command.
The foxfire hits the ogre.
The ogre is moderately wounded.
The foxfire hits the ogre.
The ogre is heavily wounded.
Casting: Foxfire (safe; 5% risk of failure)
Confirm with . or Enter, or press ? or * to list all spells.
You conjure some foxfire!
The ogre hits you with a +0 giant club!
Ouch! That really hurt!
Unknown command.
The foxfire hits the ogre.
The ogre is heavily wounded.
The foxfire hits the ogre but does no damage.
The ogre is heavily wounded.
Casting: Foxfire (safe; 5% risk of failure)
Confirm with . or Enter, or press ? or * to list all spells.
You conjure some foxfire!
The ogre closely misses you.
Unknown command.
The foxfire hits the ogre.
The ogre is severely wounded.
The foxfire hits the ogre.
The ogre is severely wounded.
Casting: Foxfire (safe; 5% risk of failure)
Confirm with . or Enter, or press ? or * to list all spells.
You conjure some foxfire!
The ogre hits you with a +0 giant club!!
Ouch! That really hurt!
You die...

#.# #. #.# #. #######.#
#. #.....#.#### #.
############..>.[#....#
#.
#................'....#
#. ####...........##...#
#.
####....vv^....##...####.
#......O@......++...†....
#.########.....##...#####
#.# ############ #O# #.#
#.# #.# #.# #.#


You could see an ogre (ally target).

Vanquished Creatures
  2 adders
  A worm (D:3)
  3 dart slugs (D:1)
  2 bats
  4 endoplasms
  A giant cockroach (D:2)
  A hobgoblin (D:3)
  2 jackals (D:2)
  3 kobolds
  A quokka (D:2)
  2 ball pythons (D:1)
  5 goblins
  2 rats (D:2)
29 creatures vanquished.

Vanquished Creatures (others)
  101 foxfires
101 creatures vanquished.

Grand Total: 130 creatures vanquished

Notes
Turn   | Place    | Note
-------+----------+-------------------------------------------
     0 | D:1      | funkygono the Gargoyle Fire Elementalist began the quest
                  | for the Orb.
     0 | D:1      | Reached XP level 1. HP: 10/10 MP: 3/3
   148 | D:1      | Reached XP level 2. HP: 3/15 MP: 1/5
   456 | D:1      | Learned a level 2 spell: Scorch
   777 | D:1      | Reached XP level 3. HP: 17/19 MP: 0/6
  1060 | D:2      | Found a faded altar of an unknown god.
  1118 | D:2      | Found Jadwyco's Antique Armour Shoppe.
  1580 | D:3      | Reached XP level 4. HP: 24/24 MP: 4/8
  1674 | D:3      | Noticed an ogre
  1701 | D:3      | Mangled by an ogre

Illustrated notes

Levels and vault maps discovered:
D:1:      saegor_arrival_simple_a, layout_rooms, grunt_decor_mini_mirrors
D:2:      layout_rooms, hellmonk_ecumenical_altar_lost_god, serial_shops,
          nicolae_square_shop, grunt_decor_junction
D:3:      layout_basic, mainiacjoe_overflow_concentric_impassable,
          biasface_ghost_orc_armoury

Skill      XL: |  1  2  3 |
---------------+----------+-----
Conjurations   | 2 |  2.1
Dodging        | |  1.6
Stealth        | |  2.1
Spellcasting   | |  2.7
Fire Magic     | |  3.7

Action                   |  1- 3 |  4- 6 || total
-------------------------+-------+-------++-------
Melee: Club              |     6 |       ||     6
       Mace              |     4 |       ||     4
 Cast: Foxfire           |    48 |    11 ||    59
       Scorch            |     1 |       ||     1
  Use: Scroll            |     4 |       ||     4
Armor: Robe              |     8 |     1 ||     9
Dodge: Dodged            |    17 |     3 ||    20

Table legend: (Time is in decaauts)
 A = Elapsed time spent in this place.
 B = Non-inter-level travel time spent in this place.
 C = Inter-level travel time spent in this place.
 D = Time resting spent in this place.
 E = Time spent auto-exploring this place.
 F = Levels seen in this place.
 G = Mean time per level.
                   A        B        C        D        E       F      G
               +--------+--------+--------+--------+--------+-----+--------+
         Total |   1704 |   1652 |     52 |    137 |   1264 |   3 |  568.0 |
       Dungeon |   1704 |   1652 |     52 |    137 |   1264 |   3 |  568.0 |
               +--------+--------+--------+--------+--------+-----+--------+

Top non-repeatable levels by time:
     D:1: 892 daAuts
     D:2: 658 daAuts
     D:3: 153 daAuts
